Unix NetHack Version 5.0.0-0 post-release - last build May 23 2026 06:08:33 (1c0ff79ee797540d5714e4e18072db0edd9e58ae,branch:main).

Game began 2026-05-30 00:29:13, ended 2026-05-30 00:38:19.

DaveT, lawful male human Priest

              ---
              |.----
              ...|.-
              ......
              ..*)......
              ...)....@G
              ..<.......
               ...`.
               .....


                 ....
                 ....-
                 -....
                  .....
                  ......
                   -.|.-
                    - --
DaveT the Acolyte            St:12 Dx:11 Co:14 In:10 Wi:18 Ch:10  Lawful
Dlvl:5  $:0  HP:0(40) Pw:43(43) AC:5  Xp:4 T:2174  Weak    

Latest messages:
 You see here a leprechaun corpse.
 E - a leprechaun corpse.
 What do you want to sacrifice? [E or ?*] E
 Your sacrifice is consumed in a flash of light!
 You sense a conflict between Tyr and Odin.
 Unluckily, you feel the power of Tyr decrease.
 The gnome hits!
 You miss the gnome.
 You miss the gnome.
 You hit the gnome!
 You kill the gnome!
 You climb up the stairs.
 You are beginning to feel weak.
 You descend the stairs.
 The gnome lord hits!
 Are you sure you want to pray? [yn] (n) y
 You begin praying to Tyr.
 You are almost hit by a crossbow bolt.
 A crossbow bolt misses you.
 The gnome lord hits!
 You finish your prayer.
 You feel that Tyr is displeased.
 You miss the gnome lord.
 The gnome lord hits!
 You are hit by a crossbow bolt!
 A crossbow bolt misses you.
 You miss the gnome lord.
 You are hit by a crossbow bolt!
 A crossbow bolt misses you.
 You miss the gnome lord.
 The gnome lord just misses!
 You miss the gnome lord.
 The gnome lord hits!
 You hit the gnome lord!
 The gnome lord hits!
 You hit the gnome lord.
 The gnome lord hits!
 You kill the gnome lord!
 With great effort you move the boulder.
 A crossbow bolt misses you.
 You are hit by a crossbow bolt.
 The gnome hits!
 You kill the gnome!
 You see here a white gem.
 You kill the gnome!
 The gnome swings her thonged club.
 The gnome hits!
 You die...
 Do you want your possessions identified? [ynq] (y) y
 Do you want to see your attributes? [ynq] (y) q

Inventory:
 Amulets  ('"')
  j - an amulet of guarding (being worn)
 Weapons  (')')
  u - 7 +0 arrows (in quiver)
  t - 7 +0 darts
  z - a blessed +2 orcish dagger
  n - a +0 axe
  a - a blessed corroded +1 mace (weapon in right hand)
  l - a +0 mace
 Armor    ('[')
  A - a +0 orcish helm
  c - a +0 small shield (being worn)
  D - a +0 cloak of displacement
  i - a +0 cloak of protection
  b - a +0 robe (being worn)
 Comestibles  ('%')
  e - a clove of garlic
  f - a sprig of wolfsbane
 Scrolls  ('?')
  C - a cursed scroll of food detection
 Spellbooks  ('+')
  h - a spellbook of detect food
  g - a spellbook of detect monsters
 Potions  ('!')
  d - 4 potions of holy water
  s - a potion of water
 Tools    ('(')
  o - a stethoscope

DaveT the Priest's attributes:

Background:
 You were an Acolyte, a level 4 human Priest.
 You were lawful, on a mission for Tyr
 who was opposed by Odin (neutral) and Loki (chaotic).
 You were right-handed.
 You were in the Gnomish Mines, on level 5.
 You entered the dungeon 2174 turns ago.
 It was the midnight hour.
 You had 156 experience points, 4 more were needed to attain level 5.

Basics:
 You had 0 out of 40 hit points.
 You had all 43 energy points (spell power).
 Your armor class was 5.
 Your wallet was empty.
 Autopickup was off.

Final Characteristics:
 Your strength was 12 (base:13, limit:18/100).
 Your dexterity was 11 (limit:18).
 Your constitution was 14 (limit:18).
 Your intelligence was 10 (limit:18).
 Your wisdom was 18 (limit:18).
 Your charisma was 10 (limit:18).

Final Status:
 You were weak from severe hunger.
 You were unencumbered.
 You were wielding a mace.
 You had basic skill with mace.

Final Attributes:
 You were piously aligned.
 You had a small defense bonus (+2).
 You were protected.
 Your spell casting was enhanced by wearing a robe.
 You were unlucky.
 You are dead.

Miscellaneous:
 You didn't encounter any bones levels.
 Total elapsed playing time was 9 minutes and 6 seconds.

Major events:
 Turn
    1: DaveT the lawful human Priest entered the dungeon
 1112: attained the rank of Acolyte (level 3)
 1307: entered the Gnomish Mines
 2174: killed by a gnome

Spells:
 Name                 Level Category     Fail Retention
 detect monsters        1   divination     0%  76%-100%
 detect food            2   divination    32%  76%-100%

Skills:
 Fighting Skills
   bare handed combat [Unskilled]
 Weapon Skills
   club               [Unskilled]
   mace               [Basic]
   morning star       [Unskilled]
   flail              [Unskilled]
   hammer             [Unskilled]
   quarterstaff       [Unskilled]
   polearms           [Unskilled]
   spear              [Unskilled]
   trident            [Unskilled]
   lance              [Unskilled]
   bow                [Unskilled]
   sling              [Unskilled]
   crossbow           [Unskilled]
   dart               [Unskilled]
   shuriken           [Unskilled]
   boomerang          [Unskilled]
   unicorn horn       [Unskilled]
 Spellcasting Skills
   healing spells     [Unskilled]
   divination spells  [Unskilled]
   clerical spells    [Basic]

Voluntary challenges:
 Character rerolling was not enabled.
 You never genocided any monsters.
 You never polymorphed an object.
 You never changed form.
 You used no wishes.
Achievements:
 You attained the rank of Acolyte.
 You entered the Gnomish Mines.

 The Dungeons of Doom: levels 1 to 6
    Level 1:
    Level 2:
    Level 3: "vault"
    Level 4:
       An altar.
       Stairs down to The Gnomish Mines.
    Level 5:
       An altar, a fountain.
    Level 6:
 The Gnomish Mines:
    Level 5: <- You were here.
       Final resting place for
          you, killed by a gnome.


Vanquished creatures:
  a leprechaun
  a shrieker
  a gnome leader
  a little dog
  a floating eye
  a large kobold
  a hobgoblin
  3 giant rats
  2 cave spiders
  a green mold
  4 gnomes
  2 geckos
  8 jackals
  3 lichens
  3 newts
33 creatures vanquished.

No species were genocided or became extinct.

Game over:
                       ----------
                      /          \
                     /    REST    \
                    /      IN      \
                   /     PEACE      \
                  /                  \
                  |      DaveT       |
                  |       0 Au       |
                  |   killed by a    |
                  |      gnome       |
                  |                  |
                  |                  |
                  |       2026       |
                 *|     *  *  *      | *
        _________)/\\_//(\/(/\)/\//\/|_)_______

Goodbye DaveT the Priest...

You died in The Gnomish Mines on dungeon level 5 with 904 points,
and 0 pieces of gold, after 2174 moves.
You were level 4 with a maximum of 40 hit points when you died.

